 Dungeon Crawl Stone Soup version 0.31-a0-229-g1fc7ce93e2 (webtiles) character file.

Game seed: 9606153154674229322

114 qw the Shooter (level 4, -6/26 HPs)
             Began as a Gargoyle Hexslinger on July 6, 2023.
             Mangled by an iguana (8 damage)
             ... on level 3 of the Dungeon.
             The game lasted 00:00:55 (1952 turns).

qw the Shooter (Gargoyle Hexslinger)                Turns: 1952, Time: 00:00:55

Health: -6/26      AC:  9    Str: 12    XL:     4   Next: 97%
Magic:  5/5        EV: 10    Int: 19    God:
Gold:   205        SH:  0    Dex: 14    Spells: 4/5 levels left

rFire   . . .        Y - +2 sling
rCold   . . .        (no shield)
rNeg    + . .        e - +0 ring mail
rPois   inf          a - +1 hat of the Sun {Int+6}
rElec   +            (no cloak)
rCorr   .            (no gloves)
SInv    .            (no boots)
Will    .....        (no amulet)
Stlth   +            (no ring)
HPRegen 0.24/turn    (no ring)
MPRegen 0.09/turn

%: no passive effects
@: about to teleport
A: sickness immunity, AC +3, negative energy resistance 1, electricity
resistance, torment resistance 1, petrification resistance
a: no special abilities


You were on level 3 of the Dungeon.
You visited 1 branch of the dungeon, and saw 3 of its levels.

You collected 275 gold pieces.
You spent 70 gold pieces at shops.


Innate Abilities, Weirdness & Mutations

You are immune to sickness and miasma.
Your stone body is resilient. (AC +3)
You are immune to poison.
You resist negative energy. (rN+)
You are resistant to electric shocks. (rElec)
You are resistant to unholy torment.
You are immune to petrification.


   Skills:
 - Level 2.0 Fighting
 + Level 4.5 Ranged Weapons
 - Level 1.0 Armour
 - Level 1.5 Dodging
 - Level 1.0 Spellcasting
 - Level 2.6 Hexes


You had 4 spell levels left.
You knew the following spells:

 Your Spells              Type           Power      Damage    Failure   Level
a - Slow                  Hex            44%        N/A       14%         1

Your spell library contained the following spells:

 Spells                   Type           Power      Damage    Failure   Level
 Inner Flame              Hex/Fire       6%         N/A       58%         3
 Portal Projectile        Hex/Tloc       12%        N/A       58%         3
 Cause Fear               Hex            5%         N/A       80%         4

Inventory:

Hand Weapons
 Y - a +2 sling (weapon)
Armour
 a - the +1 hat of the Sun (worn) {Int+6}
   (You acquired it on level 1 of the Dungeon)

   Int:       It affects your intelligence (+6).
 e - a +0 ring mail (worn)
Scrolls
 b - a scroll of teleportation
 g - a scroll of identify
Potions
 c - a potion of mutation {unknown}
 d - a potion of cancellation {unknown}
 f - a potion of haste {unknown}
 h - 3 potions of enlightenment
 i - a potion of might {unknown}
 j - a potion of heal wounds {unknown}
 k - a potion of degeneration {unknown}

Dungeon Overview and Level Annotations

Branches:
Dungeon (3/15)

Altars:
Trog

Shops:
D:2 ?


Message History

The sling bullet hits the iguana but does no damage.
You shoot a sling bullet. The sling bullet hits the iguana.
The iguana is lightly wounded.
You shoot a sling bullet.
The sling bullet barely misses the iguana.
You shoot a sling bullet.
The sling bullet hits the iguana but does no damage.
The iguana is lightly wounded.
You shoot a sling bullet.
The sling bullet hits the iguana but does no damage.
The iguana is lightly wounded.
The iguana barely misses you.
You shoot a sling bullet.
The sling bullet barely misses the iguana.
The iguana closely misses you. x2
You shoot a sling bullet. The sling bullet hits the iguana.
The iguana is moderately wounded.
The iguana bites you but does no damage.
You shoot a sling bullet. The sling bullet hits the iguana.
The iguana is moderately wounded.
The iguana barely misses you.
You shoot a sling bullet.
The sling bullet barely misses the iguana.
The iguana bites you!
You shoot a sling bullet.
The sling bullet hits the iguana but does no damage.
The iguana is moderately wounded.
The iguana bites you but does no damage.
The iguana bites you.
You shoot a sling bullet.
The sling bullet closely misses the iguana.
The iguana bites you!
1951 ||| READING 2 scrolls of teleportation.
As you read the scroll of teleportation, it crumbles to dust.
You feel strangely unstable.
The iguana bites you but does no damage.
You shoot a sling bullet.
The sling bullet closely misses the iguana.
The iguana bites you!
You die...

########### ..........#
..........######
...............###
.................### ##
......l@..###......####.
#####.#...######........
#.###............... #
#########.......
#....... #.......
#....[.. .........
##.....#.


You could see an iguana.

Vanquished Creatures
  Jessica (D:2)
  An adder (D:2)
  2 worms
  4 dart slugs
  An orc (D:3)
  7 endoplasms
  4 goblins
  5 hobgoblins
  3 jackals (D:2)
  2 quokkas
  6 ball pythons
  12 bats
  A frilled lizard (D:3)
  6 kobolds
  10 rats
65 creatures vanquished.

Notes
Turn   | Place    | Note
-------+----------+-------------------------------------------
     0 | D:1      | qw the Gargoyle Hexslinger began the quest for the Orb.
     0 | D:1      | Reached XP level 1. HP: 12/12 MP: 2/2
     0 | D:1      | 0 ||| qw: Version: 0.3-a-46-gb1f654a
     0 | D:1      | 0 ||| qw: Game counter: 1198
     0 | D:1      | 0 ||| qw: Melee chars always use a shield: true
     0 | D:1      | 0 ||| qw: God list: Okawaru
     0 | D:1      | 0 ||| qw: Allow faded altars: false
     0 | D:1      | 0 ||| qw: Do Orc after clearing Dungeon:15 true
     0 | D:1      | 0 ||| qw: Do second Lair branch before Depths: true
     0 | D:1      | 0 ||| qw: Lair rune preference: random
     0 | D:1      | 0 ||| qw: Goals: Normal
     0 | D:1      | 0 ||| PLANNING D:1-11
   208 | D:1      | Reached XP level 2. HP: 15/16 MP: 3/3
   441 | D:1      | Reached skill level 3 in Ranged Weapons
   634 | D:1      | 634 ||| FLEEEEING.
   635 | D:1      | 635 ||| FLEEEEING.
   636 | D:1      | 636 ||| FLEEEEING.
   638 | D:1      | 638 ||| FLEEEEING.
   676 | D:1      | Reached XP level 3. HP: 21/21 MP: 4/4
   891 | D:1      | 891 ||| UPGRADING to +0 ring mail.
   901 | D:1      | 901 ||| DROPPING +0 robe.
   902 | D:1      | 902 ||| DROPPING scarf of harm.
   903 | D:1      | 903 ||| READING scroll labelled WYQASI QAGGOPTACW.
   903 | D:1      | Identified a scroll of acquirement
   903 | D:1      | 903 ||| ACQUIRING +1 hat of the Sun {Int+6}
   903 | D:1      | Acquired the +1 hat of the Sun {Int+6}
   905 | D:1      | 905 ||| UPGRADING to +1 hat of the Sun {Int+6}.
   910 | D:1      | 910 ||| READING 2 scrolls labelled UHIEZ DAUGEFA.
   911 | D:1      | 911 ||| DROPPING scroll of poison.
  1071 | D:2      | Found Punkeud Pam's Magic Scroll Shoppe.
  1077 | D:2      | 1077 ||| BUYING scroll of identify (28 gold).
  1077 | D:2      | Bought a scroll of identify for 28 gold pieces
  1077 | D:2      | 1077 ||| BUYING scroll of teleportation (42 gold).
  1077 | D:2      | Bought a scroll of teleportation for 42 gold pieces
  1110 | D:2      | Noticed Jessica
  1116 | D:2      | Killed Jessica
  1117 | D:2      | Reached XP level 4. HP: 20/26 MP: 5/5
  1217 | D:2      | Reached skill level 4 in Ranged Weapons
  1292 | D:2      | 1292 ||| FLEEEEING.
  1353 | D:2      | Reached skill level 1 in Armour
  1648 | D:2      | Found a faded altar of an unknown god.
  1784 | D:2      | 1784 ||| READING scroll labelled GAPRI VUXZIZIN.
  1785 | D:2      | 1785 ||| READING scroll labelled UMYAMO KEANEL.
  1786 | D:2      | 1786 ||| DRINKING 4 amethyst potions.
  1787 | D:2      | 1787 ||| READING 2 scrolls of identify.
  1787 | D:2      | 1787 ||| IDENTIFYING fuming coppery potion
  1788 | D:2      | 1788 ||| DROPPING potion of lignification.
  1863 | D:3      | Found a bloodstained altar of Trog.
  1950 | D:3      | HP: 2/26 [iguana (10)]
  1951 | D:3      | 1951 ||| READING 2 scrolls of teleportation.
  1952 | D:3      | Mangled by an iguana

Levels and vault maps discovered:
D:1:      erik_arrival_triangle_small, layout_loops_corners
D:2:      layout_basic, serial_shops, shop, basic_ecumenical_altar,
          minmay_gold_behind_fungi, hangedman_abyss_or_decor_stabs,
          minmay_joined_circles, uniq_jessica
D:3:      layout_rooms, trog_butcher_becter, uniq_sigmund,
          uniq_crazy_yiuf_cottage

Skill      XL: |  1  2  3  4 |
---------------+-------------+-----
Ranged Weapons | 3 4 |  4.5
Fighting       | 2 |  2.0
Armour         | 1 |  1.0
Dodging        | |  1.5
Spellcasting   | |  1.0
Hexes          | |  2.6

Action                     |  1- 3 |  4- 6 || total
---------------------------+-------+-------++-------
   Fire: Sling             |   101 |   125 ||   226
    Use: Scroll            |     2 |     4 ||     6
         Potion            |       |     1 ||     1
 Armour: Robe              |    11 |       ||    11
         Ring mail         |    15 |    41 ||    56
  Dodge: Dodged            |    47 |    52 ||    99

Table legend:
 A = Non-vault XP
 B = Vault XP
 C = Vault XP percentage of total XP
 D = Non-vault monster count
 E = Vault monster count
 F = Vault count percentage of total count
                 A         B        C        D         E       F
            +---------+---------+-------+---------+---------+-------
      Total |      88 |      75 |  46.0 |      50 |      15 |  23.1
            +---------+---------+-------+---------+---------+-------
        D:1 |      41 |       0 |   0.0 |      24 |       0 |   0.0
        D:2 |      38 |      69 |  64.5 |      22 |      11 |  33.3
        D:3 |       9 |       6 |  40.0 |       4 |       4 |  50.0
            +---------+---------+-------+---------+---------+-------
